[Event "Late-Titled-Tuesday-Blitz-April-16-2024"]
[Site "Chess.com"]
[Date "2024.04.16"]
[Round "3"]
[White "GothamChess"]
[Black "FMYiLiu"]
[Result "1-0"]
[WhiteElo "2685"]
[BlackElo "2471"]
[TimeControl "180+1"]
[EndTime "14:25:21 PDT"]
[Termination "GothamChess won by resignation"]

1. e4 e6 2. b3 d5 3. Bb2 dxe4 4. Nc3 Nf6 5. Qe2 Bb4 6. O-O-O Bxc3 7. dxc3 Qe7 8. g4 O-O 9. Bg2 Bd7 10. c4 Bc6 11. h4 a5 12. a4 Na6 13. g5 Nd7 14. Bxe4 Bxe4 15. Qxe4 Rad8 16. Nf3 Ndc5 17. Qe5 f6 18. gxf6 gxf6 19. Rhg1+ Kh8 20. Rxd8 Qxd8 21.
Qg5 Qe7 22. Qh6 e5 23. Nxe5 fxe5 24. Qxf8+ Qxf8 25. Bxe5+ 1-0

[Event "Late-Titled-Tuesday-Blitz-April-16-2024"]
[Site "Chess.com"]
[Date "2024.04.16"]
[Round "3"]
[White "WilsonPalencia21"]
[Black "familijatop71"]
[Result "1-0"]
[WhiteElo "2575"]
[BlackElo "2303"]
[TimeControl "180+1"]
[EndTime "14:25:28 PDT"]
[Termination "WilsonPalencia21 won by checkmate"]

1. d4 d5 2. c4 e6 3. Nf3 Nf6 4. Nc3 Be7 5. Bg5 O-O 6. e3 h6 7.
Bxf6 Bxf6 8. Qc2 c6 9. O-O-O Nd7 10. h4 a5 11. g4 g6 12. g5 hxg5 13. hxg5 Bg7 14. Bd3 dxc4 15. Bxc4 Nb6 16. Bd3 Nd5 17. Kb1 Nb4 18. Qe2 Nxd3 19. Rxd3 a4 20. Qf1 b5 21. Qh3 Re8 22. Rdd1 a3 23. Ne5 b4 24. Ne4 Qd5 25.
Nf6+ Bxf6 26. Qh7+ Kf8 27. Qxf7# 1-0

[Event "Late-Titled-Tuesday-Blitz-April-16-2024"]
[Site "Chess.com"]
[Date "2024.04.16"]
[Round "3"]
[White "ReadySkate"]
[Black "Mikhail_Bryakin"]
[Result "0-1"]
[WhiteElo "2611"]
[BlackElo "2877"]
[TimeControl "180+1"]
[EndTime "14:25:30 PDT"]
[Termination "Mikhail_Bryakin won by resignation"]

1. d4 g6 2. e4 Bg7 3. Nf3 d6 4. Nc3 e5 5. Be3 Nc6 6. dxe5 Nxe5 7. Nxe5 dxe5 8. Qxd8+ Kxd8 9. O-O-O+ Bd7 10. Bc4 Nh6 11. Kb1 c6 12. Bxh6 Bxh6 13. Bxf7 Ke7 14. Bb3 b6 15. f3 Rad8 16. Rd3 Bc8 17. Rhd1 Rxd3 18.
Rxd3 Bf4 19. h3 h5 20. Ne2 g5 21. Nxf4 gxf4 22. Rd2 h4 23. Kc1 Rd8 24. Rxd8 Kxd8 25. Kd2 Kc7 26. c4 a5 27. Kc3 Kd6 28. Bc2 b5 29. b4 axb4+ 30. Kxb4 bxc4 31. a4 c3 32. Kxc3 Kc5 33. Bd3 Be6 34. Bc2 Bc4 35. Bd3 Bxd3 36.
Kxd3 Kb4 37. a5 Kxa5 38. Kc4 Kb6 39. Kb4 c5+ 40. Ka4 Ka6 41. Ka3 Ka5 42. Kb3 Kb5 43. Kc3 c4 44. Kc2 Kb4 45. Kb2 c3+ 46. Kc2 Kc4 47.
Kc1 Kd3 48. Kd1 c2+ 49. Kc1 Kc3 0-1

[Event "Late-Titled-Tuesday-Blitz-April-16-2024"]
[Site "Chess.com"]
[Date "2024.04.16"]
[Round "3"]
[White "PNEPaul"]
[Black "RantomOpening"]
[Result "0-1"]
[WhiteElo "1863"]
[BlackElo "2535"]
[TimeControl "180+1"]
[EndTime "14:25:31 PDT"]
[Termination "RantomOpening won on time"]

1. e4 c6 2. d4 d5 3. exd5 cxd5 4. c4 Nc6 5. Nc3 Nf6 6. Nf3 Bg4 7. Be2 dxc4 8. Bxc4 e6 9. Be3 Rc8 10. Be2 Nd5 11.
Nxd5 Qxd5 12. O-O Be7 13. h3 Bh5 14. Rc1 O-O 15. b3 Rfd8 16. Bc4 Qd6 17. Be2 Bf6 18. Rc5 Bxf3 19. Bxf3 b6 20. Rxc6 Rxc6 21. Bxc6 Qxc6 22. Qc1 Qd5 23. Qc7 Qd7 24. Qxd7 Rxd7 0-1

[Event "Late-Titled-Tuesday-Blitz-April-16-2024"]
[Site "Chess.com"]
[Date "2024.04.16"]
[Round "3"]
[White "Hirna2005"]
[Black "OriTaichman"]
[Result "0-1"]
[WhiteElo "2335"]
[BlackElo "2564"]
[TimeControl "180+1"]
[EndTime "14:25:39 PDT"]
[Termination "OriTaichman won by resignation"]

1. e4 c5 2. c3 d6 3. d4 Nf6 4.
Bd3 e5 5. Nf3 Nc6 6. Be3 Ng4 7.
Bg5 Be7 8. Bxe7 Qxe7 9. O-O exd4 10. cxd4 cxd4 11. Qa4 Ne5 12. Bb5 Nxf3+ 13. gxf3 O-O 14.
Bxc6 Bh3 15. f4 Bxf1 16. Kxf1 bxc6 17. Qxc6 Rac8 18. Qd5 Rc1+ 19. Ke2 Qh4 20. Qxd4 Qg4+ 21. f3 Qg2+ 22. Qf2 Rc2+ 23. Nd2 Rxd2+ 0-1

[Event "Late-Titled-Tuesday-Blitz-April-16-2024"]
[Site "Chess.com"]
[Date "2024.04.16"]
[Round "3"]
[White "Koalaskakistis"]
[Black "Kiborg95"]
[Result "0-1"]
[WhiteElo "2569"]
[BlackElo "2855"]
[TimeControl "180+1"]
[EndTime "14:25:52 PDT"]
[Termination "Kiborg95 won by resignation"]

1. e4 d6 2. d4 Nf6 3. Nc3 e5 4. dxe5 dxe5 5. Qxd8+ Kxd8 6. f4 Bb4 7. Bd3 Re8 8. fxe5 Nxe4 9. Bxe4 Bxc3+ 10. bxc3 Rxe5 11.
Be3 Rxe4 12. O-O-O+ Ke8 13. Bd4 f6 14. Nf3 Bg4 15.
Rde1 Bxf3 16. gxf3 Rxe1+ 17. Rxe1+ Kf7 18. Bf2 Nc6 19. Bg3 Rc8 20. Rd1 Ke6 21. Re1+ Kf5 22.
Rd1 Rd8 23. Bxc7 Rxd1+ 24. Kxd1 Ne5 25. Ke2 Kf4 26. c4 a6 27. c5 h5 28. Bd6 g5 29.
Kf2 Kf5 30. h3 Ke6 31. Bc7 Kd5 32. Bd8 Nd7 33. Be7 Ke6 34. Bd6 b6 35. Ke3 Nxc5 0-1

[Event "Late-Titled-Tuesday-Blitz-April-16-2024"]
[Site "Chess.com"]
[Date "2024.04.16"]
[Round "3"]
[White "Flawless_Fighter"]
[Black "teresin05"]
[Result "1-0"]
[WhiteElo "2758"]
[BlackElo "2336"]
[TimeControl "180+1"]
[EndTime "14:25:52 PDT"]
[Termination "Flawless_Fighter won by resignation"]

1. e4 c5 2. Nf3 Nc6 3. g3 d6 4. Bg2 g6 5. O-O Bg7 6. Re1 e5 7. d3 Nge7 8. Nc3 O-O 9. h4 Be6 10. h5 f5 11. h6 Bf6 12. Ng5 Bd7 13. exf5 Bxf5 14. Bd2 d5 15. f4 exf4 16. Bxf4 d4 17. Nce4 Nd5 18. Nxf6+ Rxf6 19. Qf3 Nxf4 20. gxf4 Qd7 21.
Qd5+ Qxd5 22. Bxd5+ Kh8 23. Nf7+ Kg8 24. Ng5+ Kh8 25. Bxc6 Rxc6 26. Re7 Rb8 27. Rae1 Rcc8 28. Rxh7+ Kg8 29. Ree7 Re8 30. Reg7+ 1-0

[Event "Late-Titled-Tuesday-Blitz-April-16-2024"]
[Site "Chess.com"]
[Date "2024.04.16"]
[Round "3"]
[White "The_Machine04"]
[Black "FizzyBand"]
[Result "1-0"]
[WhiteElo "2781"]
[BlackElo "2546"]
[TimeControl "180+1"]
[EndTime "14:25:56 PDT"]
[Termination "The_Machine04 won by resignation"]

1. d4 Nf6 2. Nf3 g6 3. Nbd2 Bg7 4. e4 O-O 5. Bc4 d5 6. exd5 Nxd5 7. c3 Bf5 8. O-O a6 9. Re1 b5 10. Bb3 Nc6 11. Ne4 Na5 12. Nc5 Nxb3 13. axb3 Qd6 14. b4 Rfe8 15. Ne5 f6 16. Nf3 e5 17.
dxe5 fxe5 18. Ng5 Nf4 19. Qb3+ Qd5 20. Qxd5+ Nxd5 21. Rxa6 Rxa6 22. Nxa6 h6 23. Ne4 Bxe4 24. Rxe4 Ra8 25. Nc5 Ra1 26. Re1 e4 27. Nxe4 Nxb4 28. cxb4 Bxb2 29. Bd2 1-0

[Event "Late-Titled-Tuesday-Blitz-April-16-2024"]
[Site "Chess.com"]
[Date "2024.04.16"]
[Round "3"]
[White "Nechitaylo_Nikita"]
[Black "biesiadnik"]
[Result "0-1"]
[WhiteElo "2296"]
[BlackElo "2549"]
[TimeControl "180+1"]
[EndTime "14:26:03 PDT"]
[Termination "biesiadnik won on time"]

1. d4 d5 2. c4 c6 3. cxd5 cxd5 4. Bf4 Nc6 5. e3 e6 6. Nc3 Bd6 7. Bg3 Nge7 8. Nf3 O-O 9. Bd3 a6 10. O-O f5 11. Ne5 Bxe5 12. dxe5 Qb6 13. b3 Ng6 14. Na4 Qa7 15. Rc1 Ncxe5 16. Bxe5 Nxe5 17. Rc7 Bd7 18. Qe2 Rac8 19. Rfc1 Qb8 20. Rxc8 Rxc8 21. Rxc8+ Qxc8 22. f4 Qc1+ 23. Kf2 Ng4+ 24. Kg3 Nxe3 0-1

[Event "Late-Titled-Tuesday-Blitz-April-16-2024"]
[Site "Chess.com"]
[Date "2024.04.16"]
[Round "3"]
[White "Jospem"]
[Black "Chess_Star1234"]
[Result "1-0"]
[WhiteElo "3049"]
[BlackElo "2527"]
[TimeControl "180+1"]
[EndTime "14:26:04 PDT"]
[Termination "Jospem won by resignation"]

1. e4 e5 2. Nf3 Nc6 3. Nc3 Nf6 4.
h3 Bb4 5. a3 Bxc3 6. dxc3 Nxe4 7. Nxe5 Nxe5 8. Qd4 O-O 9. Qxe4 Re8 10. Be3 d5 11. Qf4 c6 12. O-O-O Qe7 13. Be2 Ng6 14. Qg3 Bf5 15. h4 Qe5 16. Qxe5 Nxe5 17. Rd4 h6 18. Rhd1 Re7 19. b3 a6 20. c4 dxc4 21.
bxc4 Rae8 22. g4 Be6 23. g5 hxg5 24. hxg5 Rd7 25. Rxd7 Nxd7 26. Kb2 Ne5 27. Kc3 Bg4 28.
Bxg4 Nxg4 29. Bb6 Re7 30. Bc5 Rc7 31. Rd8+ Kh7 32. Bd6 1-0

[Event "Late-Titled-Tuesday-Blitz-April-16-2024"]
[Site "Chess.com"]
[Date "2024.04.16"]
[Round "3"]
[White "Savagelittlemole"]
[Black "stollenmonster"]
[Result "0-1"]
[WhiteElo "2503"]
[BlackElo "2891"]
[TimeControl "180+1"]
[EndTime "14:26:04 PDT"]
[Termination "stollenmonster won on time"]

1. e4 c5 2. Ne2 Nf6 3. g3 Nxe4 4. Bg2 Nf6 5. O-O Nc6 6. c3 g6 7. d4 cxd4 8. cxd4 d5 9. Nbc3 Bg7 10. Bg5 e6 11.
Bf4 O-O 12. Nb5 Ne8 13. Qd2 a6 14. Nbc3 Nd6 15. b3 Nf5 16. Rac1 Nfxd4 17. Nxd4 Nxd4 18. Bh6 Bxh6 19. Qxh6 Qf6 20. Rfd1 Nc6 21. Rd3 Bd7 22. Rf3 Qg7 23. Qh4 Rac8 24. Re1 Nd4 25. Rd3 Nc2 26. Nxd5 exd5 27. Re7 Bb5 0-1

[Event "Late-Titled-Tuesday-Blitz-April-16-2024"]
[Site "Chess.com"]
[Date "2024.04.16"]
[Round "3"]
[White "XiaoKangZhong"]
[Black "ChEsper99"]
[Result "1-0"]
[WhiteElo "2544"]
[BlackElo "2213"]
[TimeControl "180+1"]
[EndTime "14:26:04 PDT"]
[Termination "XiaoKangZhong won by resignation"]

1. b3 a5 2. c4 a4 3. bxa4 Nf6 4.
Bb2 e6 5. Nc3 d5 6. cxd5 exd5 7.
d4 Bb4 8. Qb3 Nc6 9. e3 Ne4 10.
Bb5 Bxc3+ 11. Bxc3 Nxc3 12. Qxc3 Bd7 13. Nf3 O-O 14.
O-O Qe7 15. Rfc1 Rfc8 16. Rab1 Ra7 17. Qc5 Qxc5 18. Rxc5 Be6 19. Rbc1 h6 20. h3 Kf8 21.
Ne1 Ke7 22. Nd3 f6 23. R5c3 Kd6 24. Bxc6 bxc6 25. Nc5 Ra5 26. Nb7+ 1-0

[Event "Late-Titled-Tuesday-Blitz-April-16-2024"]
[Site "Chess.com"]
[Date "2024.04.16"]
[Round "3"]
[White "ArchibaldCerveza29"]
[Black "katharinareinecke"]
[Result "1-0"]
[WhiteElo "2343"]
[BlackElo "2007"]
[TimeControl "180+1"]
[EndTime "14:26:05 PDT"]
[Termination "ArchibaldCerveza29 won by resignation"]

1. c3 c6 2. f4 d5 3. Nf3 g6 4. g3 Bg7 5. Bg2 e6 6. O-O Ne7 7. d3 O-O 8. Qe1 h5 9. e4 b6 10. Ng5 Bb7 11. Nd2 c5 12. a4 Nbc6 13. Ndf3 d4 14.
c4 Na5 15. Qd1 Nac6 16. Nh4 Nb4 17. Rf2 Qd7 18. Bh3 f5 19. Nxg6 Nxg6 20. Qxh5 Rf6 21. e5 Nxf4 22. Qh7+ Kf8 23. exf6 Nxh3+ 24. Nxh3 Nxd3 25.
fxg7+ Qxg7 26. Bh6 1-0

[Event "Late-Titled-Tuesday-Blitz-April-16-2024"]
[Site "Chess.com"]
[Date "2024.04.16"]
[Round "3"]
[White "Oleg_Papayan"]
[Black "Eloist"]
[Result "1-0"]
[WhiteElo "2692"]
[BlackElo "2472"]
[TimeControl "180+1"]
[EndTime "14:26:06 PDT"]
[Termination "Oleg_Papayan won by resignation"]

1. e4 e6 2. d4 d5 3. Nc3 Nf6 4.
Bg5 dxe4 5. Nxe4 Be7 6. Nxf6+ Bxf6 7. Bxf6 Qxf6 8. Nf3 O-O 9. Bd3 c5 10. O-O cxd4 11.
Nxd4 Rd8 12. Nb3 Qxb2 13. Bxh7+ Kxh7 14. Qxd8 Nc6 15. Qc7 Qf6 16. Rad1 e5 17. Rd6 Qg5 18. Qxf7 Bf5 19. Qxb7 Be4 20. f3 Rb8 21. Qd7 Qe3+ 22. Kh1 Qe2 23. Rg1 Bxf3 24. Qf5+ Kh8 25. Qxf3 1-0

[Event "Late-Titled-Tuesday-Blitz-April-16-2024"]
[Site "Chess.com"]
[Date "2024.04.16"]
[Round "3"]
[White "Denisenko_Denis"]
[Black "BabageldiAnnaberdiyev"]
[Result "0-1"]
[WhiteElo "2418"]
[BlackElo "2601"]
[TimeControl "180+1"]
[EndTime "14:26:06 PDT"]
[Termination "BabageldiAnnaberdiyev won by resignation"]

1. d4 e6 2. Bf4 d5 3. e3 Bd6 4. Bg3 f5 5. Nf3 Nf6 6. Nbd2 O-O 7. Bd3 Ne4 8. Bxd6 cxd6 9. c4 Nxd2 10. Qxd2 dxc4 11.
Bxc4 d5 12. Bd3 Nc6 13. O-O a6 14. Rac1 Bd7 15. a3 g5 16. Ne5 Nxe5 17. dxe5 Bc6 18. Be2 Qb6 19. Qd4 Qxd4 20. exd4 f4 21. Rc5 Kf7 22.
Rfc1 Ke7 23. Bd3 h5 24. b4 g4 25. Bc2 f3 26. g3 Rfc8 27. Kf1 b6 28. Rc3 Bb5+ 0-1

[Event "Late-Titled-Tuesday-Blitz-April-16-2024"]
[Site "Chess.com"]
[Date "2024.04.16"]
[Round "3"]
[White "dennisodessa"]
[Black "yuriydovzik"]
[Result "1-0"]
[WhiteElo "2537"]
[BlackElo "2134"]
[TimeControl "180+1"]
[EndTime "14:26:07 PDT"]
[Termination "dennisodessa won on time"]

1. c4 Nf6 2. d4 e6 3. Nc3 Bb4 4.
Qc2 b6 5. e4 Bb7 6. Bd3 h6 7. Ne2 a5 8. O-O d6 9. Nd1 a4 10. a3 Ba5 11. Qxa4+ Bc6 12. Qc2 b5 13. cxb5 Bb7 14. Ne3 O-O 15. Nc4 Bb6 16. Nxb6 cxb6 17.
f3 Nbd7 18. Be3 e5 19. Rfd1 Rc8 20. Qd2 Qe7 21. b4 d5 22. exd5 Nxd5 23. Bf2 N7f6 24. Rac1 Rcd8 25. dxe5 Qxe5 26. Bd4 1-0

[Event "Late-Titled-Tuesday-Blitz-April-16-2024"]
[Site "Chess.com"]
[Date "2024.04.16"]
[Round "3"]
[White "IsaqueGoncalvesSanto"]
[Black "Itay121"]
[Result "0-1"]
[WhiteElo "1877"]
[BlackElo "2535"]
[TimeControl "180+1"]
[EndTime "14:26:09 PDT"]
[Termination "Itay121 won by resignation"]

1. d4 Nf6 2. c4 g6 3. Nc3 d5 4.
cxd5 Nxd5 5. e4 Nxc3 6. bxc3 Bg7 7. Bc4 c5 8. Ne2 O-O 9. O-O cxd4 10. cxd4 Nc6 11.
Be3 Na5 12. Bd3 b6 13. Rc1 Bb7 14. Qd2 Qd7 15. Bh6 Rfc8 16. Bxg7 Kxg7 17. d5 e6 18. Qb2+ Kg8 19. Bb5 Qe7 20. Qe5 Rc5 21. Rxc5 Qxc5 22. Ba4 exd5 23. Rc1 Qb4 24. Qc7 Qxa4 25. e5 Rc8 26.
Qe7 Rxc1+ 0-1

[Event "Late-Titled-Tuesday-Blitz-April-16-2024"]
[Site "Chess.com"]
[Date "2024.04.16"]
[Round "3"]
[White "jbking07"]
[Black "expii"]
[Result "1-0"]
[WhiteElo "2411"]
[BlackElo "2219"]
[TimeControl "180+1"]
[EndTime "14:26:09 PDT"]
[Termination "jbking07 won by resignation"]

1. e4 c5 2. Nf3 d6 3. d4 cxd4 4. Nxd4 Nf6 5. Nc3 g6 6. Bc4 Bg7 7. O-O O-O 8. Bb3 Nc6 9. Re1 Bg4 10. f3 Bd7 11. Be3 Ne8 12. Qd2 Nc7 13. Rad1 Rc8 14.
a3 Ne6 15. Nd5 Nc7 16. Nxc6 bxc6 17. Nc3 c5 18. Nd5 e6 19. Nxc7 Qxc7 20. Qxd6 Qxd6 21.
Rxd6 Bc6 22. c3 Rb8 23. Bc4 Bb5 24. Ba2 Ba4 25. Re2 Rfc8 26. Red2 Bb3 27. Bxb3 Rxb3 28. Rd8+ 1-0

[Event "Late-Titled-Tuesday-Blitz-April-16-2024"]
[Site "Chess.com"]
[Date "2024.04.16"]
[Round "3"]
[White "temus_galaktionov"]
[Black "GlavkonVVS"]
[Result "1-0"]
[WhiteElo "2869"]
[BlackElo "2597"]
[TimeControl "180+1"]
[EndTime "14:26:16 PDT"]
[Termination "temus_galaktionov won by resignation"]

1. d4 Nf6 2. c4 c5 3. d5 e6 4. Nc3 exd5 5. cxd5 d6 6. e4 g6 7. h3 Bg7 8. Nf3 O-O 9. Bd3 b5 10. Nxb5 Nxe4 11. Bxe4 Re8 12. O-O Rxe4 13. Bg5 Qb6 14. Nc3 Rb4 15. Re1 Bd7 16. Ne4 Bxb2 17. Rb1 Bf5 18.
Rxb2 Rxb2 19. Nf6+ Kg7 20. Qc1 Na6 21. Ne8+ Rxe8 22.
Bh6+ 1-0

[Event "Late-Titled-Tuesday-Blitz-April-16-2024"]
[Site "Chess.com"]
[Date "2024.04.16"]
[Round "3"]
[White "Yushko_Olga"]
[Black "zverr1"]
[Result "0-1"]
[WhiteElo "2297"]
[BlackElo "2495"]
[TimeControl "180+1"]
[EndTime "14:26:23 PDT"]
[Termination "zverr1 won by resignation"]

1. d4 Nf6 2. c4 g6 3. Nc3 d5 4. cxd5 Nxd5 5. Bd2 Bg7 6. e4 Nxc3 7. Bxc3 O-O 8. Ne2 c5 9. g3 Bg4 10. dxc5 Bxc3+ 11. bxc3 Qa5 12. Qb3 Bf3 13. Rg1 Bxe4 14. Bg2 Bxg2 15.
Rxg2 Na6 16. Qxb7 Nxc5 17. Qf3 Rad8 18. Nd4 Rxd4 19. Kf1 Rd3 20. Qe2 Qxc3 21. Re1 Rd2 22. Qxe7 Ne6 23. Kg1 Rd7 24. Rxe6 Rd1+ 0-1

[Event "Late-Titled-Tuesday-Blitz-April-16-2024"]
[Site "Chess.com"]
[Date "2024.04.16"]
[Round "3"]
[White "Oleksandr_Bortnyk"]
[Black "grzechu96"]
[Result "1-0"]
[WhiteElo "3061"]
[BlackElo "2763"]
[TimeControl "180+1"]
[EndTime "14:26:26 PDT"]
[Termination "Oleksandr_Bortnyk won by checkmate"]

1. e4 e5 2. Bc4 Nf6 3. d3 Nc6 4. Nc3 Bc5 5. Bg5 h6 6. Bh4 Be7 7. Bg3 d6 8. Nf3 Na5 9. Bb3 Nxb3 10. axb3 a6 11. O-O O-O 12. d4 exd4 13. Nxd4 Re8 14.
h3 Bf8 15. Qf3 Be6 16. Rad1 Qc8 17. Rfe1 Nd7 18. Nxe6 fxe6 19. e5 d5 20. Nxd5 Nxe5 21. Rxe5 exd5 22. Qxd5+ Kh8 23. Rxe8 Qxe8 24. Qxb7 Rd8 25.
Rxd8 Qxd8 26. Qxc7 Qd1+ 27. Kh2 Kh7 28. Qc4 Qc1 29.
Qd3+ Kg8 30. Qxa6 Qxb2 31. Qc4+ Kh7 32. Qe4+ Kg8 33. Qd5+ Kh7 34. Qf5+ Kg8 35. Qc8 Qd4 36. c3 Qd1 37. b4 Kf7 38. b5 Qb3 39. Qc7+ Ke6 40. b6 h5 41. b7 h4 42. b8=Q hxg3+ 43. fxg3 Qb2 44. Qxb2 Bd6 45. Qb3+ Kf5 46. Qxd6 Ke4 47.
Qbe6# 1-0

[Event "Late-Titled-Tuesday-Blitz-April-16-2024"]
[Site "Chess.com"]
[Date "2024.04.16"]
[Round "3"]
[White "Narek_Ghimoyan"]
[Black "Beca95"]
[Result "0-1"]
[WhiteElo "2499"]
[BlackElo "2850"]
[TimeControl "180+1"]
[EndTime "14:26:26 PDT"]
[Termination "Beca95 won by resignation"]

1. d4 Nf6 2. c4 e6 3. Nf3 c5 4.
d5 d6 5. Nc3 exd5 6. cxd5 g6 7.
e4 a6 8. h3 b5 9. Bd3 Bg7 10.
O-O O-O 11. Bf4 Re8 12. Qc2 Ra7 13. Rfe1 Rae7 14. Re3 Qb6 15. Rae1 Nbd7 16. e5 dxe5 17. Nxe5 Nxe5 18. Rxe5 Rxe5 19. Rxe5 Rxe5 20. Bxe5 c4 21. Be2 Bf5 22. Qd1 Ne8 23. Bxg7 Kxg7 24. Bf3 Qf6 25. Qd2 Nd6 26. a3 h5 27. Ne2 Bxh3 28. Bxh5 Bxg2 29. Bxg6 Bf3 30. Bb1 Bxe2 31. Qxe2 Qg5+ 32. Kf1 Qc1+ 33. Qe1 Qxb2 34. Kg2 Qf6 35. Qe3 c3 36. Bc2 a5 37.
Qg3+ Kf8 38. Qg4 Qe5 39. Qf3 b4 40. axb4 axb4 41. Bb3 Qe4 42. Qxe4 Nxe4 0-1

[Event "Late-Titled-Tuesday-Blitz-April-16-2024"]
[Site "Chess.com"]
[Date "2024.04.16"]
[Round "3"]
[White "Nor1lsk"]
[Black "Mackster23"]
[Result "0-1"]
[WhiteElo "2766"]
[BlackElo "2566"]
[TimeControl "180+1"]
[EndTime "14:26:27 PDT"]
[Termination "Mackster23 won by resignation"]

1. e4 c6 2. d4 d5 3. f3 g6 4. Nc3 Bg7 5. Be3 a6 6. Qd2 b5 7. Bd3 h5 8. Nge2 Nf6 9. e5 Ng8 10. f4 Nh6 11. g3 Bf5 12. Bf2 Bxd3 13. Qxd3 Nf5 14. h3 e6 15. O-O-O Nd7 16. g4 Ne7 17. Bh4 Qa5 18. Bxe7 Kxe7 19. f5 gxf5 20. gxf5 Bh6+ 21. Kb1 b4 22. fxe6 fxe6 23. Rhf1 bxc3 24. Qg6 Raf8 25. Rxf8 Bxf8 26. Rf1 Kd8 27. Qxe6 Qb5 28. b3 Qxe2 29. Qf7 Be7 30. Rc1 Rf8 31. Qe6 Rf1 0-1

[Event "Late-Titled-Tuesday-Blitz-April-16-2024"]
[Site "Chess.com"]
[Date "2024.04.16"]
[Round "3"]
[White "wild3000"]
[Black "CaspiIsrael"]
[Result "0-1"]
[WhiteElo "2484"]
[BlackElo "2735"]
[TimeControl "180+1"]
[EndTime "14:26:27 PDT"]
[Termination "CaspiIsrael won by resignation"]

1. d4 Nf6 2. c4 d6 3. Nf3 Bf5 4. Nc3 g6 5. Qb3 b6 6. g3 Ne4 7. Bg2 Nc6 8. g4 Na5 9. Qc2 Nxf2 10. gxf5 Nxh1 11. Bxh1 Bg7 12. Qa4+ Qd7 13. Qxd7+ Kxd7 14. b3 gxf5 15. Nh4 Bxd4 16. Bd2 Rag8 17. O-O-O e6 18.
Nb5 Bf6 19. Nf3 Nc6 20. e3 a6 21. Nbd4 Nxd4 22. exd4 Rg4 23. Be3 Rhg8 24. Kd2 a5 25.
Ke2 h5 26. Rg1 Ke7 27. h3 Rg3 28. Bg2 Rxg2+ 29. Rxg2 Rxg2+ 0-1

[Event "Late-Titled-Tuesday-Blitz-April-16-2024"]
[Site "Chess.com"]
[Date "2024.04.16"]
[Round "3"]
[White "trriinu"]
[Black "SHIVACalypso"]
[Result "1-0"]
[WhiteElo "2265"]
[BlackElo "2435"]
[TimeControl "180+1"]
[EndTime "14:26:27 PDT"]
[Termination "trriinu won by resignation"]

1. e4 c6 2. Nc3 d5 3. Nf3 dxe4 4.
Nxe4 Nf6 5. Qe2 Nxe4 6. Qxe4 Nd7 7. Bc4 Nf6 8. Ne5 e6 9. Qe2 Bd6 10. d4 O-O 11. O-O b5 12. Bd3 Qc7 13. c3 Bb7 14.
Bg5 Nd7 15. Rae1 f6 16. Qh5 f5 17. Nf3 Nf6 18. Qh4 h6 19. Rxe6 hxg5 20. Nxg5 Bf4 21.
Rxf6 gxf6 22. Ne6 Bxh2+ 23. Kh1 Qh7 24. Qxh7+ Kxh7 25. Nxf8+ Rxf8 26. Bxf5+ Kh6 27. Kxh2 Kg5 28. g4 Re8 29. Kg3 Re2 30. f4+ Kh6 31. Rh1+ Kg7 32. Rh7+ Kg8 33. Rxb7 1-0

[Event "Late-Titled-Tuesday-Blitz-April-16-2024"]
[Site "Chess.com"]
[Date "2024.04.16"]
[Round "3"]
[White "cedchass2006"]
[Black "AlexeiShirov"]
[Result "0-1"]
[WhiteElo "2402"]
[BlackElo "2804"]
[TimeControl "180+1"]
[EndTime "14:26:29 PDT"]
[Termination "AlexeiShirov won by resignation"]

1. e4 e5 2. Nf3 Nc6 3. Bb5 a6 4. Ba4 Nf6 5. O-O b5 6. Bb3 Bc5 7. c3 d6 8. d4 Bb6 9. Be3 O-O 10. Nbd2 Bg4 11. h3 Bh5 12. Re1 exd4 13. cxd4 Bxd4 14.
Qc2 Nb4 15. Qb1 Bxe3 16. Rxe3 c5 17. a3 Nc6 18. Bd5 Nxd5 19. exd5 Bg6 20. Qe1 Nd4 21.
Nxd4 cxd4 22. Rg3 Re8 23. Qd1 Qf6 24. Nf3 d3 25. Ne1 Qxb2 26. Nxd3 Qe2 27. Qxe2 Rxe2 28. Nf4 Rc2 29. Nxg6 hxg6 30. Re3 Kf8 31. Rd1 a5 32. Rb3 Rc5 33. g3 Re8 34. Rdb1 Rb8 35. Rd1 b4 36.
Rdb1 Rxd5 37. axb4 Rdb5 38. Rd1 Rxb4 39. Ra3 Rb1 40. Rd3 Rxd1+ 41. Rxd1 a4 42. Rxd6 Ra8 43. Rd2 a3 44. Ra2 Ke7 45. Kg2 Kd6 46. h4 Kc5 0-1

[Event "Late-Titled-Tuesday-Blitz-April-16-2024"]
[Site "Chess.com"]
[Date "2024.04.16"]
[Round "3"]
[White "Guriempire"]
[Black "vova-79"]
[Result "1-0"]
[WhiteElo "2808"]
[BlackElo "2554"]
[TimeControl "180+1"]
[EndTime "14:26:29 PDT"]
[Termination "Guriempire won by resignation"]

1. e4 e6 2. d4 d5 3. Nc3 dxe4 4. Nxe4 Nd7 5. g3 Ngf6 6. Nxf6+ Nxf6 7. Nf3 b6 8. Bb5+ Bd7 9. Be2 Bc6 10. O-O Bd6 11. Ne5 Bxe5 12. dxe5 Qxd1 13. Rxd1 Nd7 14. f4 O-O-O 15.
b4 Nb8 16. Be3 Rxd1+ 17. Rxd1 Rd8 18. Rxd8+ Kxd8 19. b5 Bd5 20. c4 Be4 21. Kf2 c6 22. Bd4 Kc7 23. Ke3 Bg2 24. Bd3 g6 25. g4 Nd7 26.
Kf2 Bh1 27. h4 Nc5 28. Be2 Be4 29. Ke3 Bg2 30. h5 cxb5 31. cxb5 Bd5 32. a3 Nb3 33. Bc3 Nc5 34. h6 Nd7 35. Bb4 Nb8 36. Bd6+ Kb7 37. Bd3 Nd7 38. f5 exf5 39. gxf5 g5 40. f6 g4 41. Kf4 1-0

[Event "Late-Titled-Tuesday-Blitz-April-16-2024"]
[Site "Chess.com"]
[Date "2024.04.16"]
[Round "3"]
[White "N_Mullodzhanov"]
[Black "dropstoneDP"]
[Result "0-1"]
[WhiteElo "2528"]
[BlackElo "3057"]
[TimeControl "180+1"]
[EndTime "14:26:29 PDT"]
[Termination "dropstoneDP won by resignation"]

1. e4 e5 2. Nf3 Nf6 3. Nxe5 d6 4.
Nf3 Nxe4 5. d4 d5 6. Bd3 Bd6 7.
O-O O-O 8. c3 c6 9. Qc2 Re8 10.
Nbd2 Bf5 11. Nb3 Nd7 12. Be3 Ndf6 13. Rfe1 Ng4 14. g3 Qf6 15. Nh4 Bd7 16. f3 Nxe3 17.
Rxe3 Ng5 18. Rxe8+ Rxe8 19. f4 Bxf4 20. gxf4 Nh3+ 21.
Kh1 Qxh4 22. Rf1 Re1 23. Qd2 Nf2+ 24. Kg1 Nxd3 25. Qxd3 Bh3 26. Qxh3 Qxh3 27. Rxe1 g6 28. Nc5 Qg4+ 29. Kf2 Qxf4+ 30. Ke2 Qxh2+ 31. Kd3 b6 32. Nb3 h5 33. Re8+ Kg7 34. Re7 h4 35. Nd2 h3 36.
Nf3 Qf4 37. Ne5 h2 38. Rxf7+ Qxf7 39. Nxf7 Kxf7 40. Ke2 h1=Q 0-1

[Event "Late-Titled-Tuesday-Blitz-April-16-2024"]
[Site "Chess.com"]
[Date "2024.04.16"]
[Round "3"]
[White "jup1978"]
[Black "Tolyanius"]
[Result "1-0"]
[WhiteElo "2444"]
[BlackElo "2616"]
[TimeControl "180+1"]
[EndTime "14:26:30 PDT"]
[Termination "jup1978 won by resignation"]

1. d4 Nf6 2. Nf3 c5 3. g3 cxd4 4.
Nxd4 e5 5. Nb3 d5 6. Bg2 h6 7. O-O Nc6 8. Nc3 Be6 9. Na4 Rc8 10.
Nac5 Bxc5 11. Nxc5 O-O 12. Nxe6 fxe6 13. c4 Nd4 14. e3 Nf5 15. cxd5 exd5 16. b3 Rc7 17.
Bb2 d4 18. exd4 Nxd4 19. Re1 Nc2 20. Bxe5 Nxe1 21. Bxc7 Qxc7 22. Qxe1 Ng4 23. Qe6+ Qf7 24. Qxg4 Qxf2+ 25. Kh1 Re8 26. Qc4+ Kh8 27. Rf1 Qxa2 28. Bxb7 a5 29. Bc6 Rd8 30. Be4 Qd2 31. Qf7 Qe2 32.
Qf8+ 1-0